 Dungeon Crawl Stone Soup version 0.25-a0-940-gc6eaff51cc (webtiles) character file.

Game seed: 9962947009685440236, levelgen mode: deterministic

2996 kae the Frost Mage (level 9, -4/57 HPs)
             Began as a Merfolk Ice Elementalist on May 5, 2020.
             Was an Initiate of Sif Muna.
             Slain by a hippogriff (7 damage)
             ... on level 7 of the Dungeon.
             The game lasted 00:09:53 (11653 turns).

kae the Frost Mage (Merfolk Ice Elementalist)      Turns: 11653, Time: 00:09:54

Health: -4/57      AC:  3    Str:  8    XL:     9   Next: 83%
Magic:  10/18      EV: 13    Int: 20    God:    Sif Muna [......]
Gold:   413        SH:  0    Dex: 15    Spells: 14/21 levels left

rFire    . . .     SeeInvis .   m - +1 trident
rCold    . . .     Gourm    .   (no shield)
rNeg     . . .     Faith    .   w - +1 robe of Undesirable Species {rPois Int+3 Stlth+}
rPois    +         Spirit   .   (no helmet)
rElec    .         Reflect  .   (no cloak)
rCorr    .         Harm     .   (no gloves)
MR       .....                  (no boots)
Stlth    +++.......             k - amulet of the acrobat
HPRegen  0.19/turn              (no ring)
MPRegen  0.16/turn              (no ring)

@: no status effects
A: change form in water, swift swim, stealthy swim
a: Renounce Religion


You were on level 7 of the Dungeon.
You worshipped Sif Muna.
Sif Muna was noncommittal.
You were hungry.

You visited 2 branches of the dungeon, and saw 8 of its levels.
You also visited: Ossuary.

You collected 413 gold pieces.

Inventory:

Hand Weapons
 m - a +1 trident (weapon)
Armour
 a - a +0 robe
 w - the +1 robe of Undesirable Species (worn) {rPois Int+3 Stlth+}
   (You found it on level 6 of the Dungeon)

   It affects your intelligence (+3).
   It protects you from poison.
   It makes you more stealthy.
Jewellery
 k - an amulet of the acrobat (around neck)
 r - an uncursed ring of poison resistance {unknown}
Wands
 x - a wand of random effects (5)
Scrolls
 b - 2 scrolls of blinking
 d - 2 scrolls of teleportation
 h - 2 scrolls of identify
 j - 4 scrolls of remove curse
 l - a scroll of fear
 y - a scroll of enchant weapon
Potions
 e - 3 potions of stabbing
 f - 2 potions of magic
 g - 3 potions of flight
 i - a potion of might
 n - a potion of haste
 o - a potion of brilliance
 p - 3 potions of resistance {unknown}
 q - 2 potions of invisibility {unknown}
 s - a potion of heal wounds
 t - 2 potions of curing
 u - 2 potions of cancellation {unknown}
 v - 2 potions of lignification
Comestibles
 c - 5 rations


   Skills:
 + Level 8.7 Polearms
 - Level 2.6 Dodging
 - Level 2.1 Stealth
 + Level 6.5 Spellcasting
 * Level 11.3 Ice Magic


You had 14 spell levels left.
You knew the following spells:

 Your Spells              Type           Power        Failure   Level  Hunger
a - Freeze                Ice            ####         1%          1    None
b - Frozen Ramparts       Ice            ######       1%          3    #......
c - Ozocubu's Armour      Chrm/Ice       ####....     3%          3    #......

Your spell library contained the following spells:

 Spells                   Type           Power        Failure   Level  Hunger
 Hailstorm                Conj/Ice       ####....     10%         4    ###....
 Summon Ice Beast         Ice/Summ       ####....     10%         4    ###....
 Metabolic Englaciation   Hex/Ice        ####......   26%         5    #####..
 Confusing Touch          Hex            #.......     30%         3    #......
 Gell's Gravitas          Tloc           #.........   30%         3    #......
 Petrify                  Tmut/Erth      #.......     69%         4    ###....
 Yara's Violent Unravell  Hex/Tmut       #.........   95%         5    #####..


Dungeon Overview and Level Annotations

Branches:
Dungeon (7/15)             Temple (1/1) D:6         Ossuary (visited)

Altars:
Ashenzari
Cheibriados
Dithmenos
Elyvilon
Fedhas
Gozag
Hepliaklqana
Kikubaaqudgha
Makhleb
Nemelex Xobeh
Qazlal
Ru
Sif Muna
Trog
Uskayaw
Vehumet
Wu Jian
Xom
Yredelemnul
Zin
The Shining One

Annotations:
D:5 2 transporters, Vidiiot's ghost, novice FoFi


Message History

Casting: Freeze (safe; 1% risk of failure)
Confirm with . or Enter, or press ? or * to list all spells.
Aiming: Freeze (safe; 1% risk of failure)
Press: ? - help, Shift-Dir - straight line, f/p - hippogriff
Aim: a hippogriff (severely wounded)
You freeze the hippogriff.
The hippogriff is severely wounded.
The hippogriff bites you.
* * * LOW HITPOINT WARNING * * *
The hippogriff closely misses you. The hippogriff claws you.
* * * LOW HITPOINT WARNING * * *
Casting: Freeze (safe; 1% risk of failure)
Confirm with . or Enter, or press ? or * to list all spells.
Aiming: Freeze (safe; 1% risk of failure)
Press: ? - help, Shift-Dir - straight line, f/p - hippogriff
Aim: a hippogriff (severely wounded)
You freeze the hippogriff.
The hippogriff is almost dead.
The hippogriff closely misses you. The hippogriff pecks you!
You die...

#... #.. ...## #...# #..##.......
#.... #### ##...........# ##.##.
#..####.......# ##... ##.....
##.....#.......###...###......
#.#....##........#.....##...#.
#.............H.<.......#...##
###............@# #...........##
##.#.#..........####...........##
..........#....>...##......#.....
###....#..##....##.........##....
###..#..)##.....##........)##...#
..#..#.#)#....#.###...#..........
.......#.....#### ##..##.........
...#..#).#.### ##.#...#.##...
......).....#### #..#.######..#


You could see a hippogriff.

Vanquished Creatures
  Eustachio (D:4)
  Menkaure (D:6)
  A water moccasin (D:5)
  A sky beast (D:7)
  An ice beast (D:5)
  2 orc warriors
  3 centaurs
  5 ogres
  A bullfrog (D:7)
  4 water moccasin zombies (Ossuary)
  A scorpion (D:5)
  3 wights (D:6)
  3 crimson imps
  A bullfrog zombie (D:5)
  A hound (D:6)
  6 orc priests
  A bullfrog skeleton (D:5)
  3 jellies
  5 orc wizards
  Jessica (D:3)
  Terence (D:3)
  3 iguanas
  3 worker ants
  4 big kobold zombies (Ossuary)
  2 hound skeletons
  2 mummies (Ossuary)
  3 gnolls (D:7)
  7 adders
  A shadow imp (D:5)
  3 adder zombies (Ossuary)
  An adder skeleton (D:4)
  2 worms (D:2)
  2 leopard geckos
  26 orcs
  6 giant cockroaches
  3 gnoll zombies (Ossuary)
  7 goblins
  6 hobgoblins
  4 kobolds
  2 quokkas
  5 bats
  10 frilled lizards
  3 hobgoblin zombies (Ossuary)
  6 kobold zombies (Ossuary)
  4 orc zombies (Ossuary)
  2 quokka zombies
  A rat (D:1)
164 creatures vanquished.

Vanquished Creatures (others)
  2 kobold zombies (Ossuary)
2 creatures vanquished.

Grand Total: 166 creatures vanquished

Notes
Turn   | Place    | Note
-------+----------+-------------------------------------------
     0 | D:1      | kae the Merfolk Ice Elementalist began the quest for the
                  | Orb.
     0 | D:1      | Reached XP level 1. HP: 13/13 MP: 3/3
   554 | D:1      | Reached XP level 2. HP: 16/19 MP: 1/5
  1454 | D:2      | Reached skill level 5 in Ice Magic
  1724 | D:2      | Reached XP level 3. HP: 24/24 MP: 3/6
  2078 | D:2      | Reached XP level 4. HP: 29/30 MP: 4/8
  2937 | D:3      | Noticed Terence
  3028 | D:3      | Killed Terence
  3028 | D:3      | Reached skill level 6 in Ice Magic
  3028 | D:3      | Reached XP level 5. HP: 24/35 MP: 2/9
  3377 | D:3      | Noticed Jessica
  3384 | D:3      | Killed Jessica
  3384 | D:3      | Reached skill level 1 in Polearms
  3747 | D:3      | Reached XP level 6. HP: 41/41 MP: 9/11
  4264 | D:3      | Learned a level 3 spell: Frozen Ramparts
  4277 | D:3      | Learned a level 3 spell: Ozocubu's Armour
  4629 | D:4      | Noticed Eustachio
  4650 | D:4      | Killed Eustachio
  4650 | D:4      | Reached skill level 7 in Ice Magic
  4880 | D:4      | Reached XP level 7. HP: 46/46 MP: 7/12
  4900 | D:4      | Found a sand-covered staircase.
  4907 | Ossuary  | Entered an ossuary
  5757 | Ossuary  | Reached skill level 8 in Ice Magic
  6423 | D:5      | Entered Level 5 of the Dungeon
  6423 | D:5      | Found a transporter.
  6550 | D:4      | Reached skill level 5 in Polearms
  6550 | D:4      | Reached XP level 8. HP: 21/52 MP: 5/15
  7508 | D:5      | Found a transporter.
  7508 | D:5      | Noticed Vidiiot's ghost (novice FoFi)
  7526 | D:5      | Reached skill level 9 in Ice Magic
  7575 | D:5      | Reached skill level 5 in Spellcasting
  8656 | D:5      | Reached XP level 9. HP: 51/57 MP: 15/17
  8928 | D:6      | Noticed Menkaure
  8933 | D:6      | Killed Menkaure
  8933 | D:6      | Reached skill level 10 in Ice Magic
  9710 | D:6      | Got a silken robe
  9841 | D:6      | Identified the +1 robe of Undesirable Species {rPois Int+3
                  | Stlth+} (You found it on level 6 of the Dungeon)
  9901 | D:6      | Found a staircase to the Ecumenical Temple.
  9967 | Temple   | Entered the Ecumenical Temple
 10200 | Temple   | Became a worshipper of Sif Muna the Loreminder
 10955 | D:7      | Reached skill level 11 in Ice Magic
 11653 | D:7      | Slain by a hippogriff

Levels and vault maps discovered:
D:1:      grunt_arrival_lava_bath, layout_basic
D:2:      layout_basic, first_ration
D:3:      layout_basic, hex_intersection, uniq_terence, uniq_jessica
D:4:      layout_loops_ring, chequers_ossuary_entry_cave, uniq_eustachio
D:5:      layout_basic, gammafunk_ghost_arena
D:6:      layout_basic, minmay_temple_entry_stoned_glass, uniq_menkaure
D:7:      layout_cave_pools, minmay_misc_feat_square
Temple:   minmay_crystal_snake_temple

Skill      XL: |  1  2  3  4  5  6  7  8  9 |
---------------+----------------------------+-----
Ice Magic      | 5 6 7 8 9 11 | 11.3
Spellcasting   | 3 4 5 6 |  6.5
Polearms       | 2 3 5 6 8 |  8.7
Dodging        | |  2.6
Stealth        | |  2.1

Action                   |  1- 3 |  4- 6 |  7- 9 || total
-------------------------+-------+-------+-------++-------
Melee: Dagger            |    18 |     4 |       ||    22
       Unarmed           |     3 |       |       ||     3
       Trident           |       |    30 |   332 ||   362
 Cast: Freeze            |    42 |    72 |    95 ||   209
       Frozen Ramparts   |       |     1 |    25 ||    26
       Ozocubu's Armour  |       |       |     6 ||     6
  Use: Scroll            |     2 |     6 |     5 ||    13
       Potion            |       |     4 |     6 ||    10
 Stab: Sleeping          |       |     2 |     8 ||    10
       Distracted        |       |       |     2 ||     2
  Eat: Chunk             |     3 |     7 |    19 ||    29
       Ration            |       |     1 |     1 ||     2
Armor: Robe              |    10 |    10 |    63 ||    83
       Skin              |       |    27 |    24 ||    51
Dodge: Dodged            |    27 |    55 |   282 ||   364

Table legend:
 A = Non-vault XP
 B = Vault XP
 C = Vault XP percentage of total XP
 D = Non-vault monster count
 E = Vault monster count
 F = Vault count percentage of total count
                 A         B        C        D         E       F
            +---------+---------+-------+---------+---------+-------
      Total |    3342 |     938 |  21.9 |     131 |      32 |  19.6
            +---------+---------+-------+---------+---------+-------
        D:1 |      21 |       0 |   0.0 |      13 |       0 |   0.0
        D:2 |      86 |       0 |   0.0 |      15 |       0 |   0.0
        D:3 |     155 |      73 |  32.0 |      22 |       2 |   8.3
        D:4 |     280 |     191 |  40.6 |      13 |       1 |   7.1
        D:5 |    1070 |       0 |   0.0 |      22 |       0 |   0.0
        D:6 |     931 |     175 |  15.8 |      21 |       1 |   4.5
        D:7 |     799 |       0 |   0.0 |      25 |       0 |   0.0
    Ossuary |       0 |     499 | 100.0 |       0 |      28 | 100.0
            +---------+---------+-------+---------+---------+-------
